Get step-by-step instructions on how to execute this build order below. Start the game timer, and the build order will tick by so you can play in parallel with StarCraft on a second screen or mobile device.

Game Time

  0:00

Last Step

  N/A

Next Step

Upcoming Step



Don't want to look back and forth between 2 screens? Try out our Overwolf App, the Spawning Tool Build Advisor to get an in-game overlay with this build!

Complete Build Order

  12  0:00  Drone  
  13  0:14  Overlord  
  13  0:16  Drone  
  14  0:32  Drone x2  
  16  0:36  Drone  
  17  0:52  Hatchery  
  17  0:54  Drone  
  17  0:58  Drone  
  18  1:12  Extractor  
  18  1:14  Spawning Pool  
  18  1:17  Drone  
  17  1:20  Drone  
  18  1:30  Drone  
  19  1:44  Overlord  
  19  2:00  Queen  
  21  2:01  Zergling x2  
  21  2:04  Zergling x4  
  21  2:06  Queen  
  26  2:17  Metabolic Boost  
  26  2:19  Drone  
  26  2:20  Drone  
  28  2:26  Drone  
  28  2:27  Drone  
  30  2:36  Drone  
  30  2:37  Drone  
  32  2:42  Queen  
  34  2:49  Overlord  
  34  2:57  Drone x2  
  36  3:02  Hatchery  
  35  3:08  Overlord  
  35  3:09  Drone x2  
  35  3:11  Drone x2  
  39  3:18  Queen  
  41  3:23  Overlord  
  41  3:26  Drone x2  
  43  3:31  Drone x2  
  45  3:41  Drone  
  46  3:44  Overlord  
  46  3:45  Drone x2  
  46  3:46  Drone  
  49  3:50  Extractor  
  49  3:52  Roach Warren  
  47  3:58  Queen  
  47  4:00  Drone x3  
  52  4:11  Drone  
  53  4:17  Drone  
  53  4:19  Extractor, Queen  
  53  4:21  Drone x4  
  59  4:26  Lair  
  59  4:30  Drone  
  61  4:31  Drone  
  61  4:43  Drone x3  
  61  4:44  Roach x5  
  74  4:55  Overlord x3  
  74  4:58  Spore Crawler  
  73  5:00  Drone, Spore Crawler  
  73  5:01  Drone  
  73  5:04  Overlord x2  
  74  5:16  Drone x2  
  74  5:17  Drone, Roach  
  74  5:18  Roach x3  
  85  5:25  Evolution Chamber  
  85  5:26  Evolution Chamber  
  84  5:28  Drone x3  
  84  5:29  Drone x5  
  84  5:30  Drone  
  84  5:34  Spore Crawler  
  84  5:35  Overseer  
  91  5:52  Pneumatized Carapace, Overlord x2  
  91  5:53  Overlord  
  91  5:55  Hatchery  
  91  5:57  Extractor  
  89  6:13  Drone x3  
  89  6:18  Zerg Missile Weapons Level 1  
  92  6:19  Zerg Ground Armor Level 1  
  92  6:21  Ravager x3  
  95  6:26  Extractor  
  95  6:28  Drone x4, Extractor  
  95  6:29  Drone x2  
  99  6:36  Infestation Pit  
  98  6:55  Drone x9  
  98  6:56  Drone x2  
  98  6:57  Roach  
  98  6:58  Roach x6  
  123  7:04  Ravager x3  
  123  7:07  Drone x2  
  123  7:08  Drone  
  129  7:11  Hydralisk Den  
  128  7:16  Extractor  
  128  7:17  Spore Crawler  
  128  7:20  Hive  
  128  7:21  Zergling x14  
  128  7:22  Zergling x2  
  134  7:35  Drone x2  
  134  7:36  Drone, Spine Crawler  
  136  7:38  Extractor  
  128  8:09  Drone  
  128  8:10  Drone x5  
  128  8:11  Drone x2  
  136  8:21  Zerg Missile Weapons Level 2  
  136  8:22  Glial Reconstitution  
  136  8:23  Zerg Ground Armor Level 2  
  125  8:40  Drone x10, Spore Crawler  
  134  8:48  Overlord x7  
  134  8:50  Hatchery  
  134  8:52  Hatchery  
  132  9:04  Hydralisk x2  
  136  9:12  Lurker Den  
  133  9:22  Spore Crawler  
  133  9:23  Spore Crawler x2  
  126  9:25  Ravager x2  
  125  9:32  Hydralisk x4  
  125  9:33  Hydralisk x6, Roach x5  
  125  9:34  Roach x3  
  161  9:38  Viper x2  
  161  9:39  Viper  
  127  10:22  Hydralisk x3  
  127  10:23  Hydralisk x4, Roach x5  
  127  10:24  Roach  
  148  10:30  Lurker x6  
  148  10:31  Lurker  
  151  10:42  Hydralisk x3  
  144  10:43  Roach x4  
  144  10:45  Drone x4  
  144  10:47  Drone  
  144  10:48  Drone x3  
  166  10:51  Unknown  
  125  11:38  Hydralisk  
  125  11:39  Hydralisk x6, Roach  
  112  11:40  Hydralisk, Roach x5  
  122  11:50  Hydralisk x5  
  122  11:51  Hydralisk x2, Roach x7  
  150  11:57  Hatchery  
  150  12:00  Seismic Spines  
  146  12:10  Lurker  
  146  12:12  Lurker  
  102  12:56  Hydralisk x2  
  102  12:57  Hydralisk x5, Roach x3  
  102  12:58  Roach x3  
  128  13:00  Lurker x3  
  131  13:17  Spore Crawler  
  131  13:19  Spine Crawler x2  
  128  13:23  Extractor  
  128  13:24  Lurker x3  
  128  13:25  Lurker  
  131  13:31  Lurker  
  132  13:41  Lurker  
  132  13:42  Lurker  
  132  13:46  Hatchery  
  133  13:53  Hatchery  
  133  13:54  Drone x3, Spore Crawler  
  134  14:00  Hydralisk x5, Roach  
  134  14:01  Roach x5  
  156  14:16  Hydralisk x5  
  156  14:17  Hydralisk  
  162  14:36  Viper x2  
  168  14:39  Spine Crawler  
  142  14:57  Lurker x2  
  142  14:58  Lurker x3  
  147  15:00  Zergling x2  
  147  15:01  Zergling x18  
  157  15:14  Spore Crawler x2  
  156  15:15  Spore Crawler  
  138  15:48  Zerg Missile Weapons Level 3  
  138  15:49  Zerg Ground Armor Level 3  
  138  15:54  Hydralisk x5  
  138  15:55  Hydralisk x6  
  138  15:57  Zergling x22  
  165  16:15  Lurker  
  165  16:16  Lurker x4  
  170  16:35  Lurker x3  
  173  16:40  Hatchery  
  173  16:41  Hatchery  
  144  17:05  Hydralisk x3  
  144  17:06  Zergling x2  
  144  17:07  Zergling x30  
  127  17:46  Spore Crawler  
  127  17:48  Drone x4  
  127  17:49  Drone x5, Spore Crawler, Extractor  
  124  18:00  Hydralisk x8  
  124  18:01  Zergling x2  
  141  18:08  Drone  
  142  18:16  Extractor x2  
  135  18:32  Lurker  
  137  18:34  Drone x3  
  137  18:35  Drone x2  
  137  18:37  Spore Crawler  
  137  18:40  Lurker x2  
  133  18:58  Hydralisk x2  
  137  19:18  Zergling x8, Hydralisk x3  
  137  19:19  Zergling x2  
  130  19:45  Hatchery  
  109  19:46  Hydralisk  
  109  19:47  Hydralisk x3  
  109  19:48  Zergling x2  
  98  20:15  Lurker x2  
  98  20:20  Lurker x2  
  102  20:23  Lurker x2  
  102  20:24  Lurker x2  
  102  20:25  Lurker  
  102  20:26  Lurker  
  108  20:37  Hatchery  
  108  20:38  Lurker  
  108  20:55  Extractor  
  107  20:58  Extractor  
  106  21:06  Hydralisk x4  
  106  21:07  Hydralisk  
  113  21:26  Extractor  
  112  21:40  Hydralisk x5  
  112  21:41  Hydralisk x2  
  112  21:45  Lurker x5  
  109  22:37  Hatchery  
  119  22:46  Spore Crawler x2